 Dungeon Crawl Stone Soup version 0.19.5 (webtiles) character file.

1 tidbits the Caller (level 1, -2/11 HPs)
             Began as a High Elf Wanderer on Oct 28, 2017.
             Slain by Sigmund
             ... wielding a +0 scythe
              (9 damage)
             ... on level 2 of the Dungeon.
             The game lasted 00:01:36 (158 turns).

tidbits the Caller (High Elf Wanderer)               Turns: 158, Time: 00:01:37

Health: -2/11      AC:  2    Str: 15    XL:     1   Next: 16%
Magic:  2/4        EV: 11    Int: 13    God:
Gold:   23         SH:  0    Dex: 12    Spells: 1 memorised, 3 levels left

rFire  . . .     SeeInvis .     a - book of Air
rCold  . . .     Gourm    .     d - +0 robe
rNeg   . . .     Faith    .     (no shield)
rPois  .         Spirit   .     (no helmet)
rElec  .         Reflect  .     (no cloak)
rCorr  .         Harm     .     (no gloves)
MR     .....                    (no boots)
Stlth  +.........               (no amulet)
                                (no ring)
                                (no ring)

@: confused, very slightly contaminated
A: no striking features
a: no special abilities


You were on level 2 of the Dungeon.
You were not hungry.

You visited 1 branch of the dungeon, and saw 2 of its levels.

You collected 23 gold pieces.

Inventory:

Hand Weapons
 e - a +0 club
 g - a +0 spear
   (You found it on level 1 of the Dungeon)
Armour
 d - a +0 robe (worn)
Scrolls
 h - a scroll of teleportation {unknown}
Books
 a - a book of Air (in hand)

   Spells                             Type                      Level
   a - Shock                          Conjuration/Air              1
   b - Swiftness                      Charms/Air                   2
   c - Repel Missiles                 Charms/Air                   2
   d - Static Discharge               Conjuration/Air              3
   e - Lightning Bolt                 Conjuration/Air              5
 b - Bafiuwn's Guide on Attacks

   Spells                             Type                      Level
   a - Throw Flame                    Conjuration/Fire             2
   b - Throw Frost                    Conjuration/Ice              2
 c - the Guide on Summoning

   Spells                             Type                      Level
   a - Summon Small Mammal            Summoning                    1
   b - Call Canine Familiar           Summoning                    3
Comestibles
 f - 2 bread rations


   Skills:
 - Level 1.0 Throwing
 - Level 1.1 Stealth
 - Level 2.4 Spellcasting
 + Level 0.2 Conjurations
   Level 4.5 Summonings
 + Level 1.3 Air Magic


You had 3 spell levels left.
You knew the following spells:

 Your Spells              Type           Power        Failure   Level  Hunger
a - Shock                 Conj/Air       #...         21%         1    #......


Dungeon Overview and Level Annotations

Branches:
Dungeon (2/15)

Altars:

Annotations:
D:2 Sigmund


Message History

Press: ? - help, Shift-Dir - straight line, f - hobgoblin
Aim: a hobgoblin, wielding a club (resting)
The zap hits the hobgoblin.
The hobgoblin is lightly wounded.
Casting: Shock
Confirm with . or Enter, or press ? or * to list all spells.
Aiming: Shock
Press: ? - help, Shift-Dir - straight line, p - hobgoblin The zap hits the hobgoblin.
The hobgoblin is lightly wounded.
The zap hits the hobgoblin.
The hobgoblin appears unharmed.
The hobgoblin is lightly wounded.
Casting: Shock
Confirm with . or Enter, or press ? or * to list all spells.
Aiming: Shock
Press: ? - help, Shift-Dir - straight line
Okay, then.
Unknown command.
Casting: Shock
Confirm with . or Enter, or press ? or * to list all spells.
Aiming: Shock
Press: ? - help, Shift-Dir - straight line The zap hits the hobgoblin.
The hobgoblin is heavily wounded.
The zap hits the hobgoblin.
The hobgoblin appears unharmed.
The hobgoblin is heavily wounded.
Casting: Shock
Confirm with . or Enter, or press ? or * to list all spells.
Aiming: Shock
Press: ? - help, Shift-Dir - straight line The zap hits the hobgoblin.
The hobgoblin is severely wounded.
The zap hits the hobgoblin.
You kill the hobgoblin!
Wield which item (- for none, * to show all)? (? for menu, Esc to quit)
a - a book of Air (in hand)
You swing at nothing.
You swing at nothing.
You swing at nothing.
You swing at nothing.
You swing at nothing.
You swing at nothing.
You swing at nothing.
You swing at nothing.
You swing at nothing.
You swing at nothing.
You swing at nothing.
You swing at nothing.
You swing at nothing.
You swing at nothing.
You swing at nothing.
You swing at nothing.
You swing at nothing.
You swing at nothing.
You swing at nothing.
You swing at nothing.
You swing at nothing.
You swing at nothing.
You swing at nothing.
You swing at nothing.
You swing at nothing.
You swing at nothing.
You swing at nothing.
You swing at nothing.
You swing at nothing.
You swing at nothing.
Things that are here:
a club; a hobgoblin corpse Sigmund the Dreaded comes into view.
He is wielding a scythe.
Sigmund shouts!
You hear an angry hiss.
Sigmund screams, "Only death can liberate you!"
Sigmund closely misses you.
Found a stone staircase leading down.
Casting: Shock
Confirm with . or Enter, or press ? or * to list all spells.
Aiming: Shock
Press: ? - help, Shift-Dir - straight line You miscast Shock.
You are very lightly contaminated with residual magic.
The air around you crackles with energy!
Sigmund gestures at you while chanting. The magic dart hits you!
Casting: Shock
Confirm with . or Enter, or press ? or * to list all spells.
Aiming: Shock
Press: ? - help, Shift-Dir - straight line You miscast Shock.
Your skin glows momentarily.
Sigmund points at you and mumbles some strange words.
You are confused.
You aren't carrying any potions.
Unknown command.
You aren't carrying any potions.
Unknown command.
You're too confused!
Unknown command.
You bump into the rock wall.
Sigmund hits you from afar with a scythe!
Ouch! That really hurt!
You die...

# ### .. ..#
###.# ##### #.#
.>....#...# #.#
#.....#@####.###
####..#..).....#
.......@.....###
#####.#.###..###
............#
###.#####..###
..........#
......##...#
.#####.#.##...#
#.g.......##...#
#.######.###...#


You could see Sigmund.

Vanquished Creatures
  A hobgoblin (D:2)
1 creature vanquished.

Notes
Turn   | Place    | Note
-------+----------+-------------------------------------------
     0 | D:1      | tidbits the High Elf Wanderer began the quest for the Orb.
     0 | D:1      | tidbits set off with: a book of Air, Bafiuwn's Guide on Attacks, the Guide on Summoning, a +0 robe, a +0 club, a bread ration
     0 | D:1      | Reached XP level 1. HP: 11/11 MP: 4/4
     0 | D:1      | Identified Bafiuwn's Guide on Attacks
     0 | D:1      | Identified the Guide on Summoning
     2 | D:1      | Learned a level 1 spell: Shock
   150 | D:2      | Noticed Sigmund
   158 | D:2      | Slain by Sigmund

Action                   || total
-------------------------++-------
 Cast: Shock             ||     4
Dodge: Dodged            ||     1

Table legend:
 A = Turns spent in this place as a percentage of turns spent in the entire game.
 B = Non-inter-level travel turns spent in this place as a percentage of non-inter-level travel turns spent in the entire game.
 C = Inter-level travel turns spent in this place as a percentage of turns spent in this place.
 D = Turns resting spent in this place as a percentage of non-inter-level travel turns spent in this place.
 E = Turns spent auto-exploring this place as a percentage of non-inter-level travel turns spent in this place.
 F = Non-inter-level travel turns spent in this place divided by the number of levels of this place that you've seen.
                   A       B       C       D       E      F
               +-------+-------+-------+-------+-------+----------------------
         Total | 100.0 | 100.0 |   0.0 |   0.0 |   0.0 |  85.0
       Dungeon | 100.0 | 100.0 |   0.0 |   0.0 |   0.0 |  85.0
               +-------+-------+-------+-------+-------+----------------------

Table legend:
 A = Kills in this place as a percentage of kills in entire the game.
 B = Kills by you in this place as a percentage of kills by you in the entire game.
 C = Kills by friends in this place as a percentage of kills by friends in the entire game.
 D = Other kills in this place as a percentage of other kills in the entire game.
 E = Experience gained in this place as a percentage of experience gained in the entire game.
 F = Experience gained in this place divided by the number of levels of this place that you have seen.
                   A       B       C       D       E      F
               +-------+-------+-------+-------+-------+----------------------
         Total | 100.0 | 100.0 |  -nan |  -nan | 100.0 |   1.0
       Dungeon | 100.0 | 100.0 |  -nan |  -nan | 100.0 |   1.0
               +-------+-------+-------+-------+-------+----------------------

Vault maps used:
D:1:      evilmike_arrival_hilbert_curve, minmay_tetromino_s2
D:2:      first_bread, uniq_sigmund
